 Dungeon Crawl Stone Soup version 0.29.1-4-g47bece8355 (webtiles) character file.

Game seed: 18071040197623264907

5288 ChadusMaximus the Protected (level 10, 0/91 HPs)
             Began as a Minotaur Fighter on Dec 10, 2022.
             Was a High Priest of Okawaru.
             Slain by Amaemon
             ... wielding a +0 demon whip of venom
              (5 damage)
             ... on level 8 of the Dungeon.
             The game lasted 00:08:33 (8064 turns).

ChadusMaximus the Protected (Minotaur Fighter)      Turns: 8064, Time: 00:08:34

Health: 0/91       AC: 18    Str: 27    XL:     10   Next: 37%
Magic:  10/12      EV: 11    Int:  5    God:    Okawaru [*****.]
Gold:   471        SH:  8    Dex: 14    Spells: 9/9 levels left

rFire   + . .      SeeInvis +   a - +0 war axe
rCold   x . .      Faith    .   c - +0 buckler
rNeg    . . .      Spirit   .   D - +0 chain mail
rPois   .          Reflect  .   (helmet restricted)
rElec   .          Harm     .   (no cloak)
rCorr   .          Rampage  .   C - +2 pair of gloves of Dishonesty {Str+2}
Will    +....                   s - +0 pair of boots
Stlth   ..........              (no amulet)
HPRegen 0.25/turn               u - ring "Vuzablo" {Fire Will+ Dex+4 SInv}
MPRegen 0.13/turn               (no ring)

@: brilliant, lethally poisoned (0 -> -23), heroic
A: horns 2, retaliatory headbutt
a: Renounce Religion, Heroism, Finesse, Duel


You were on level 8 of the Dungeon.
You worshipped Okawaru.
Okawaru was extremely pleased with you.
You visited 2 branches of the dungeon, and saw 9 of its levels.

You collected 471 gold pieces.

Inventory:

Hand Weapons
 a - a +0 war axe (weapon)
Armour
 c - a +0 buckler (worn)
 s - a +0 pair of boots (worn)
 C - the +2 pair of gloves of Dishonesty (worn) {Str+2}
   (You found it on level 6 of the Dungeon)

   Str:       It affects your strength (+2).
 D - a +0 chain mail (worn)
Jewellery
 u - the ring "Vuzablo" (left hand) {Fire Will+ Dex+4 SInv}
   (You found it on level 3 of the Dungeon)

   [ring of fire]

   It enhances your fire magic.
   Dex:       It affects your dexterity (+4).
   rF:        It protects you from fire.
   rC:        It makes you vulnerable to cold.
   SInv:      It lets you see invisible.
   Will:      It increases your willpower.
 H - a ring of ice
Wands
 k - a wand of flame (11)
Scrolls
 b - a scroll of blinking
 e - a scroll of brand weapon {unknown}
 f - 4 scrolls of fog
 g - 3 scrolls of teleportation {unknown}
 j - 2 scrolls of enchant armour
 n - 3 scrolls of noise
 o - 3 scrolls of poison {unknown}
 p - a scroll of immolation {unknown}
 q - a scroll of magic mapping {unknown}
 r - 5 scrolls of summoning
 t - a scroll of amnesia {unknown}
 x - 3 scrolls of silence {unknown}
 y - a scroll of enchant weapon {unknown}
 B - 2 scrolls of torment {unknown}
 I - 2 scrolls of fear {unknown}
Potions
 d - a potion of might
 h - 4 potions of brilliance
 i - a potion of resistance {unknown}
 l - 2 potions of flight {unknown}
 m - 2 potions of magic {unknown}
 v - 3 potions of curing {unknown}
 w - a potion of berserk rage {unknown}
 z - 2 potions of attraction {unknown}
 A - 2 potions of heal wounds {unknown}
 E - 2 potions of ambrosia
 F - a potion of haste {unknown}
 G - a potion of degeneration {unknown}


   Skills:
 + Level 9.4(14.4) Fighting
 + Level 9.0(14.0) Axes
 + Level 9.5(14.5) Armour
 + Level 9.4(14.4) Shields
 - Level 5.3 Invocations


You had 9 spell levels left.
You didn't know any spells.
Your spell library contained the following spells:

 Spells                   Type           Power      Damage    Failure   Level
 Sting                    Tmut/Pois      0%         1d3       92%         1
 Poisonous Vapours        Pois/Air       0%         N/A       98%         2
 Static Discharge         Conj/Air       0%         3-3/arc   98%         2
 Dispel Undead            Necr           0%         3d6       100%        4
 Olgreb's Toxic Radiance  Pois           0%         N/A       100%        4
 Sticky Flame             Conj/Fire      0%         2d3       100%        4


Dungeon Overview and Level Annotations

Branches:
Dungeon (8/15)             Temple (1/1) D:4            Lair (0/5) D:8

Altars:
Dithmenos
Elyvilon
Fedhas
Gozag
Kikubaaqudgha
Okawaru
Qazlal
Sif Muna
Uskayaw
Vehumet
Wu Jian
Xom
Yredelemnul
Zin

Annotations:
D:5 2 transporters
D:8 Amaemon


Innate Abilities, Weirdness & Mutations

You have a pair of horns on your head.
You reflexively headbutt those who attack you in melee.


Message History

Found 11 gold pieces.
Amaemon shouts!
The orange demon screeches!
It was a potion of brilliance.
You feel clever all of a sudden.
It was a potion of ambrosia.
You are confused.
You feel invigorated.
Amaemon mumbles some strange words.
The orange demon stings you but does no damage.
Amaemon hits you with a +0 demon whip of venom!
Amaemon claws you.
* * * LOW HITPOINT WARNING * * *
Amaemon tail-slaps you.
* * * LOW HITPOINT WARNING * * *
You are poisoned.
Amaemon poisons you!
You miss Amaemon. Your headbutt misses Amaemon.
You feel very sick. Amaemon hits you but does no damage.
You are more poisoned.
Amaemon claws you.
* * * LOW HITPOINT WARNING * * *
Amaemon tail-slaps you.
* * * LOW HITPOINT WARNING * * *
You are lethally poisoned!
Amaemon poisons you! The orange demon stings you from afar.
* * * LOW HITPOINT WARNING * * *
Amaemon attacks as you move away! Amaemon hits you but does no damage.
You are more poisoned.
Amaemon claws you but does no damage.
Amaemon tail-slaps you but does no damage.
You feel less invigorated.
You feel less confused.
* * * LOW HITPOINT WARNING * * *
You feel extremely sick.
You gain the combat prowess of a mighty hero.
* * * LOW HITPOINT WARNING * * *
You feel extremely sick. You block Amaemon's attack. Amaemon claws you.
You die...

###..#
####...#
§§...#
#......#
###.##
#.##...#
#.#
#.######
#.# #.#
#.# #.#
... #.#
.## #†#
. #@## P
#6.# .
#...s#.#
P
#..$...
... P
#.#####
#### P .


P P You could see Amaemon and a scorpion (summoned).

Vanquished Creatures
  A two-headed ogre (D:8)
  A wyvern (D:6)
  Eustachio (D:6)
  A steam dragon (D:8)
  Grum (D:8)
  3 water moccasins
  An orc warrior (D:7)
  2 ice beasts
  2 sky beasts
  3 black bears
  2 ogres
  2 centaurs (D:6)
  3 wolves (D:8)
  A phantom (D:4)
  2 kobold brigands
  6 bullfrogs
  3 necrophages (D:6)
  2 gnoll sergeants
  6 scorpions
  2 wights (D:6)
  2 centaur zombies (D:6)
  2 bullfrog zombies (D:6)
  A human zombie (D:6)
  3 jellies
  2 orc priests
  2 gnoll boudas
  3 hounds
  9 iguanas
  An orc wizard (D:7)
  2 killer bee zombies (D:6)
  A howler monkey zombie (D:6)
  21 gnolls
  8 adders
  A shadow imp (D:5)
  3 worms
  5 dart slugs
  29 orcs
  6 ball pythons
  5 endoplasms
  8 giant cockroaches
  4 goblins
  5 hobgoblins
  6 kobolds
  2 quokkas
  9 bats
  5 frilled lizards
  6 rats
196 creatures vanquished.

Vanquished Creatures (others)
  36 fungi (D:8)
  48 plants
84 creatures vanquished.

Grand Total: 280 creatures vanquished

Notes
Turn   | Place    | Note
-------+----------+-------------------------------------------
     0 | D:1      | ChadusMaximus the Minotaur Fighter began the quest for the
                  | Orb.
     0 | D:1      | Reached XP level 1. HP: 19/19 MP: 0/0
   177 | D:1      | Reached XP level 2. HP: 27/27 MP: 1/1
   193 | D:1      | Found a faded altar of an unknown god.
  1115 | D:2      | Reached XP level 3. HP: 33/33 MP: 2/2
  1562 | D:2      | Reached XP level 4. HP: 40/40 MP: 3/3
  2282 | D:3      | Found a shimmering blue altar of Sif Muna.
  2304 | D:3      | Reached XP level 5. HP: 42/47 MP: 4/4
  2621 | D:3      | Identified the ring "Vuzablo" {Fire Will+ Dex+4 SInv}
  2698 | D:3      | Found a radiant altar of Vehumet.
  2937 | D:4      | Reached skill level 5 in Armour
  2978 | D:4      | Found a staircase to the Ecumenical Temple.
  2989 | Temple   | Entered the Ecumenical Temple
  3002 | Temple   | Became a worshipper of Warmaster Okawaru
  3197 | D:4      | Reached skill level 5 in Fighting
  3197 | D:4      | Reached skill level 5 in Shields
  3400 | D:4      | Noticed an ogre
  3408 | D:4      | Killed an ogre
  3409 | D:4      | Reached XP level 6. HP: 26/56 MP: 5/5
  3677 | D:4      | Reached * piety under Okawaru
  4300 | D:4      | You fall into a shaft and drop 2 floors!
  4333 | D:6      | Noticed Eustachio
  4333 | D:6      | Noticed a sky beast
  4348 | D:7      | Reached skill level 5 in Axes
  4348 | D:7      | Reached XP level 7. HP: 52/62 MP: 3/6
  4739 | D:6      | Identified the +2 pair of gloves of Dishonesty {Str+2}
  4762 | D:6      | Reached ** piety under Okawaru
  4858 | D:6      | Reached XP level 8. HP: 47/71 MP: 4/7
  5166 | D:6      | Reached skill level 1 in Invocations
  5179 | D:6      | Reached *** piety under Okawaru
  5427 | D:6      | Killed Eustachio
  5428 | D:6      | Reached XP level 9. HP: 77/79 MP: 8/10
  5632 | D:6      | Found a basalt altar of Yredelemnul.
  5710 | D:6      | Reached **** piety under Okawaru
  5947 | D:5      | Entered Level 5 of the Dungeon
  6346 | D:5      | Found a transporter.
  6357 | D:5      | Found a transporter.
  6828 | D:7      | Reached skill level 5 in Invocations
  7549 | D:7      | Received a gift from Okawaru
  7832 | D:8      | Noticed a two-headed ogre
  7835 | D:8      | Found a staircase to the Lair.
  7857 | D:8      | Reached XP level 10. HP: 90/90 MP: 10/12
  7867 | D:8      | Killed a two-headed ogre
  7867 | D:8      | Reached ***** piety under Okawaru
  7919 | D:8      | Noticed Grum
  7945 | D:8      | Killed Grum
  8057 | D:8      | Noticed Amaemon
  8057 | D:8      | Noticed an orange demon
  8064 | D:8      | Slain by Amaemon

Illustrated notes

Levels and vault maps discovered:
D:1:      heliophobic_arrival_ceremonial_halls, layout_loops_ring,
          shapermc_ecumenical_altar_venn, minmay_misc_feat_hallway,
          chequers_serial_rivers_room_a, minmay_small_reverse_x
D:2:      kennysheep_big_flooded_room, layout_loops_corners, minivault_23
D:3:      layout_basic, amcnicky_altar_gilded, old_standard_altar
D:4:      layout_basic, minmay_temple_entry_crystal_x, minmay_fountain_box,
          kennysheep_nub
D:5:      gammafunk_steamed_eel, layout_rooms, minmay_misc_feat_rows
D:6:      layout_basic, lemuel_mausoleum_altar_yredelemnul,
          chequers_serial_rivers_micro_a, minmay_increasing_density,
          uniq_eustachio
D:7:      layout_loops_ring, chequers_arboretum, nicolae_grassy_gnolls
D:8:      layout_loops_ring, due_lair_maze_entry_diamond,
          gup_ossuary_entry_pyramid, minivault_21, corexii_leaking_fountain,
          uniq_amaemon, uniq_grum
Temple:   nicolae_temple_bog_church

Skill      XL: |  1  2  3  4  5  6  7  8  9 10 |
---------------+-------------------------------+-----
Fighting       | 4 5 6 7 8 9 |  9.4
Armour         | 4 5 6 7 8 9 |  9.5
Shields        | 4 5 6 7 8 9 |  9.4
Axes           | 3 4 5 6 7 8 9 |  9.0
Invocations    | 3 5 |  5.3

Action                   |  1- 3 |  4- 6 |  7- 9 | 10-12 || total
-------------------------+-------+-------+-------+-------++-------
Melee: War axe           |    93 |   133 |   270 |    45 ||   541
       Headbutt          |     9 |    16 |    52 |     9 ||    86
Invok: Heroism           |       |     1 |     9 |     3 ||    13
  Use: Potion            |       |     1 |       |     2 ||     3
       Scroll            |       |       |     5 |     1 ||     6
Armor: Scale mail        |    46 |    53 |    19 |       ||   118
       Chain mail        |       |       |   131 |    18 ||   149
Dodge: Dodged            |    53 |    58 |   120 |    12 ||   243
Block: Buckler           |    22 |    24 |   101 |    22 ||   169
